Map: Ruins of Seras

Players

SuperÇaYann

  • Race: Protoss Protoss
  • League: Gold

capac - Winner!

  • Race: Terran Terran
  • League: Gold

VOD

Have the link to the VOD?

Description

Time

  • Played on: Feb. 23, 2016, 3:02 p.m.
  • Length: 15:36
Show
View Real Time Build Order
Export as new Build Order

SuperÇaYann Protoss 

Build Orders: 1 Gate Expand 

Get SALT Encoding   

  12  0:00  Probe (Chrono Boost)  
  13  0:11  Probe (Chrono Boost)  
  14  0:19  Pylon  
  14  0:25  Probe (Chrono Boost)  
  15  0:37  Probe (Chrono Boost)  
  15  0:40  Gateway  
  16  0:48  Probe (Chrono Boost)  
  17  0:52  Assimilator  
  17  0:58  Probe (Chrono Boost)  
  18  1:09  Probe (Chrono Boost)  
  19  1:26  Nexus  
  19  1:29  Probe (Chrono Boost)  
  20  1:41  Cybernetics Core  
  20  1:43  Probe (Chrono Boost)  
  21  1:52  Assimilator  
  21  2:00  Pylon  
  21  2:03  Probe (Chrono Boost)  
  21  2:15  Probe (Chrono Boost)  
  22  2:18  Stalker (Chrono Boost)  
  22  2:20  Warp Gate  
  24  2:25  Probe (Chrono Boost)  
  25  2:37  Mothership Core (Chrono Boost)  
  25  2:42  Probe (Chrono Boost)  
  28  2:52  Probe (Chrono Boost)  
  29  3:01  Probe (Chrono Boost), Pylon  
  29  3:03  Probe (Chrono Boost)  
  31  3:07  Robotics Facility  
  31  3:11  Probe (Chrono Boost)  
  32  3:13  Probe (Chrono Boost)  
  32  3:14  Adept  
  35  3:22  Probe (Chrono Boost)  
  36  3:31  Gateway  
  36  3:33  Pylon  
  38  3:34  Probe x2 (Chrono Boost)  
  38  3:44  Probe (Chrono Boost)  
  38  3:45  Probe (Chrono Boost), Pylon  
  40  3:54  Observer  
  40  3:55  Probe (Chrono Boost)  
  42  3:58  Probe (Chrono Boost)  
  43  4:05  Probe (Chrono Boost)  
  43  4:08  Pylon  
  43  4:09  Probe (Chrono Boost)  
  45  4:11  Assimilator  
  45  4:15  Assimilator  
  45  4:16  Observer  
  46  4:21  Probe x2 (Chrono Boost)  
  48  4:27  Twilight Council  
  48  4:32  Probe x2 (Chrono Boost)  
  50  4:40  Stalker, Adept  
  50  4:42  Probe (Chrono Boost)  
  50  4:43  Probe (Chrono Boost)  
  56  4:51  Warp Prism  
  59  4:53  Probe (Chrono Boost)  
  59  4:57  Probe (Chrono Boost)  
  60  5:02  Nexus  
  60  5:03  Probe (Chrono Boost)  
  60  5:04  Stalker x2  
  65  5:08  Probe (Chrono Boost)  
  66  5:21  Probe (Chrono Boost)  
  67  5:22  Pylon  
  67  5:30  Gateway  
  67  5:31  Probe x2 (Chrono Boost), Gateway  
  69  5:37  Pylon  
  69  5:40  Resonating Glaives  
  69  5:46  Immortal  
  69  5:47  Pylon  
  69  5:48  Stalker  
  75  6:02  Probe (Chrono Boost)  
  75  6:03  Probe (Chrono Boost)  
  77  6:04  Forge  
  77  6:05  Forge  
  77  6:09  Pylon  
  77  6:18  Robotics Bay  
  77  6:19  Pylon  
  77  6:22  Probe x3 (Chrono Boost)  
  80  6:30  Adept x3  
  80  6:31  Adept  
  88  6:33  Probe x3 (Chrono Boost)  
  88  6:39  Templar Archives  
  91  6:45  Protoss Ground Weapons Level 1, Protoss Ground Armor Level 1  
  91  6:47  Observer  
  89  7:07  Adept x3  
  85  7:10  Probe (Chrono Boost)  
  85  7:11  Probe x2 (Chrono Boost)  
  88  7:19  Stalker  
  90  7:23  Mothership Core (Chrono Boost)  
  90  7:24  Probe x2 (Chrono Boost)  
  90  7:26  Blink  
  90  7:27  Immortal  
  90  7:29  Stalker x3, Pylon  
  104  7:33  Pylon  
  104  7:35  Pylon  
  104  7:51  Gateway  
  104  7:52  Gateway  
  104  7:55  Gateway  
  104  7:56  Stalker, Gateway  
  104  7:58  High Templar x2  
  110  7:59  Gateway  
  110  8:02  Archon  
  110  8:04  Photon Cannon, Stalker  
  110  8:05  Probe x3 (Chrono Boost)  
  115  8:10  Extended Thermal Lance  
  115  8:17  Photon Cannon  
  115  8:30  Assimilator  
  115  8:31  Probe x3 (Chrono Boost)  
  115  8:32  Assimilator  
  118  8:42  Protoss Ground Weapons Level 2 (Chrono Boost)  
  118  8:46  Protoss Ground Armor Level 2 (Chrono Boost)  
  118  8:50  Photon Cannon  
  118  8:54  Warp Prism  
  120  8:56  Stalker, Adept x2  
  120  8:58  Adept  
  120  9:02  Probe, Photon Cannon  
  128  9:03  Probe x2  
  131  9:16  Pylon  
  131  9:20  High Templar x2, Pylon  
  135  9:33  Stargate  
  135  9:34  Archon  
  135  9:35  Pylon  
  135  9:36  Charge  
  135  9:39  Zealot x5  
  135  9:40  Zealot x2  
  149  9:53  Stalker  
  149  9:54  Stalker  
  149  9:56  Immortal  
  157  10:02  Gravitic Drive  
  157  10:09  Adept  
  157  10:10  Adept x3  
  165  10:15  Nexus  
  165  10:16  Pylon  
  165  10:18  Pylon  
  165  10:19  Pylon  
  165  10:23  Pylon  
  165  10:28  Pylon  
  165  10:35  Immortal, Pylon  
  169  10:38  Stalker  
  169  10:39  Stalker x5  
  169  10:40  Stalker x3  
  167  11:00  Phoenix  
  167  11:03  Adept x5  
  167  11:04  Adept x2  
  127  11:14  Immortal  
  127  11:17  Adept  
  127  11:18  Adept  
  121  11:30  Stalker x6  
  121  11:31  Stalker  
  135  11:36  Phoenix  
  137  11:44  Zealot x2  
  137  11:45  Protoss Ground Weapons Level 3 (Chrono Boost)  
  141  12:01  Phoenix  
  143  12:04  Stalker x2  
  143  12:05  Stalker  
  143  12:06  Stalker x3  
  155  12:20  Colossus  
  161  12:25  Phoenix  
  163  12:38  Nexus  
  163  12:40  Pylon  
  163  12:43  High Templar x2  
  167  12:44  Zealot x2  
  167  12:45  Zealot  
  167  12:48  Archon  
  173  12:59  Phoenix  
  175  13:08  High Templar x2  
  175  13:09  Zealot  
  175  13:10  Zealot x2  
  175  13:12  Adept  
  187  13:15  Archon  
  187  13:23  Colossus  
  193  13:43  Stalker  
  193  13:44  Stalker x2  
  167  13:56  Stalker x2  
  167  13:57  Stalker x4  
  150  14:08  Adept  
  150  14:09  Adept  
  104  14:17  Immortal  
  108  14:31  Assimilator  
  108  14:35  Assimilator  
  108  14:37  Photon Cannon  
  108  14:39  Photon Cannon  
  108  14:40  High Templar x2  
  108  14:42  Photon Cannon  
  108  14:43  Zealot  
  114  14:46  Photon Cannon  
  120  15:02  Assimilator  
  120  15:06  Assimilator  
  120  15:07  Zealot  
  120  15:08  Zealot x3  
  120  15:09  Archon  
  126  15:18  Zealot x3  
  102  15:22  Adept  
Show
View Real Time Build Order
Export as new Build Order

capac Terran - Winner!

Build Orders: MMM Bio 

Get SALT Encoding   

  12  0:01  SCV  
  13  0:17  Supply Depot  
  13  0:19  SCV  
  14  0:31  SCV  
  15  0:43  SCV  
  15  0:44  Barracks  
  16  0:52  Refinery  
  16  0:55  SCV  
  17  1:07  SCV  
  18  1:19  SCV  
  19  1:39  Command Center  
  19  1:42  Barracks Reactor  
  19  1:48  Orbital Command  
  19  2:10  Supply Depot  
  19  2:13  SCV  
  20  2:21  Marine x2  
  22  2:23  Barracks  
  22  2:25  SCV  
  23  2:46  Marine x2  
  25  2:53  Refinery  
  25  2:55  Factory  
  25  2:56  SCV  
  25  2:58  Orbital Command  
  25  3:07  Bunker  
  25  3:11  Marine x2  
  27  3:21  SCV  
  28  3:28  Barracks Tech Lab  
  28  3:31  Marine x2  
  28  3:33  SCV  
  32  3:34  SCV  
  32  3:44  Starport  
  32  3:46  Factory Reactor  
  32  3:52  Marine x2  
  32  3:54  Marine  
  35  3:57  SCV  
  35  3:58  SCV  
  37  4:07  Supply Depot  
  37  4:10  Marine x2  
  37  4:13  SCV x2  
  41  4:17  Stimpack  
  41  4:25  SCV  
  41  4:28  Marine  
  43  4:37  SCV  
  43  4:38  SCV  
  45  4:40  Marine x2  
  45  4:42  Medivac x2  
  45  4:45  Factory Tech Lab  
  51  4:49  Engineering Bay, SCV  
  51  4:50  SCV  
  53  4:53  Engineering Bay  
  53  4:58  Supply Depot  
  53  5:01  Refinery, SCV  
  54  5:20  SCV  
  55  5:23  Missile Turret  
  55  5:24  Terran Infantry Weapons Level 1, Terran Infantry Armor Level 1  
  55  5:27  SCV, Armory  
  56  5:29  Marine x3  
  56  5:32  SCV  
  60  5:43  Supply Depot  
  60  5:46  Marine  
  60  5:47  Marine  
  62  5:55  Marine, SCV x2  
  65  6:06  Refinery, Liberator x2  
  65  6:07  Supply Depot, SCV x2  
  65  6:09  Siege Tank  
  70  6:19  Missile Turret  
  76  6:26  SCV  
  76  6:27  SCV  
  78  6:42  SCV x2  
  78  6:44  Siege Tank  
  72  7:16  SCV x2  
  72  7:18  Marine x3  
  77  7:28  Barracks  
  77  7:30  Barracks  
  77  7:32  Barracks  
  77  7:44  SCV  
  77  7:45  SCV  
  77  7:46  Marine x3  
  77  7:47  Siege Tank, Command Center  
  85  7:53  Supply Depot  
  85  7:58  Supply Depot  
  85  8:03  SCV x2, Medivac x2  
  91  8:08  Terran Infantry Weapons Level 2, Terran Infantry Armor Level 2  
  91  8:10  Terran Vehicle Weapons Level 1  
  91  8:17  Barracks Reactor x2  
  91  8:19  Siege Tank, Barracks Reactor  
  94  8:25  Supply Depot  
  94  8:27  Supply Depot x2  
  94  8:48  Marine  
  94  8:49  Marine x2  
  94  8:54  Siege Tank  
  94  8:55  Marine x6  
  103  9:00  Combat Shields  
  106  9:05  Supply Depot  
  106  9:07  Marine x3  
  106  9:08  Supply Depot  
  109  9:13  Marine x3  
  112  9:27  Missile Turret  
  112  9:28  Liberator x2  
  112  9:29  Missile Turret  
  112  9:43  Marine  
  112  9:44  Marine x6  
  122  9:50  Supply Depot  
  125  9:58  Orbital Command  
  125  10:00  Marine x2, Command Center  
  126  10:39  Medivac  
  126  10:40  Medivac  
  126  10:41  Siege Tank  
  123  11:03  Marine x2  
  123  11:04  Marine x5  
  98  11:21  Marine x3  
  98  11:22  Marine x2  
  99  11:35  Marine x4  
  99  11:39  Marine x5  
  106  11:43  Siege Tank  
  111  11:52  Starport, Factory, Marine  
  111  11:53  Marine x3  
  115  11:57  Marine x5  
  115  12:00  Terran Infantry Armor Level 3, Terran Vehicle Weapons Level 2, Terran Infantry Weapons Level 3  
  111  12:10  Marine  
  111  12:12  Refinery  
  111  12:13  Marine  
  111  12:14  Refinery, Marine x3  
  111  12:15  Marine x4  
  120  12:26  SCV x2  
  120  12:28  Marine  
  123  12:31  Marine x2  
  123  12:32  Marine x3  
  123  12:33  Marine x3, Siege Tank  
  123  12:34  Starport Reactor  
  134  12:40  Supply Depot  
  134  12:46  Marine  
  134  12:49  Marine x3  
  134  12:50  Marine x3  
  141  12:53  Medivac  
  141  12:54  Medivac  
  141  12:57  Factory Tech Lab  
  145  13:05  Supply Depot  
  145  13:08  Planetary Fortress  
  145  13:13  Marine x6  
  145  13:14  Marine x3  
  145  13:18  Siege Tank  
  145  13:19  Siege Tank  
  160  13:30  Medivac x4  
  117  14:21  Marine  
  117  14:22  Marine x5  
  117  14:23  Siege Tank  
  126  14:24  Siege Tank  
  126  14:25  Liberator  
  126  14:26  Liberator x3  
  129  14:37  Marine x3  
  132  14:39  Marine x2  
Tags
 
Add a new tag
Caveats
  • Supply blocks, unpowered buildings, or Contaminate may cause inaccurate times.
  • Supply counts are checked every 10 seconds.